 Dungeon Crawl Stone Soup version 0.26.0-10-g1f06aea511 (webtiles) character file.

Game seed: 15533349372046930165

102 Arum the Shield-Bearer (level 5, -1/42 HPs)
             Began as a Formicid Fighter on Jan 20, 2021.
             Was an Initiate of Dithmenos.
             Killed by nerve-wracking pain
             ... invoked by an orc priest
              (8 damage)
             ... on level 3 of the Dungeon.
             The game lasted 00:02:51 (1850 turns).

Arum the Shield-Bearer (Formicid Fighter)           Turns: 1850, Time: 00:02:52

Health: -1/42      AC:  7    Str: 21    XL:     5   Next: 6%
Magic:  5/5        EV:  8    Int:  8    God:    Dithmenos [......]
Gold:   119        SH:  9    Dex: 10    Spells: 4/4 levels left

rFire    . . .     SeeInvis +   a - +1 war axe
rCold    . . .     Faith    .   c - +0 kite shield
rNeg     . . .     Spirit   .   b - +0 scale mail
rPois    .         Reflect  .   (helmet unavailable)
rElec    .         Harm     .   (no cloak)
rCorr    .         Rampage  .   (no gloves)
Will     .....                  (no boots)
Stlth    ..........             (no amulet)
HPRegen  0.14/turn              (no ring)
MPRegen  0.09/turn              (no ring)

@: no status effects
A: permanent stasis, dig shafts and tunnels, four strong arms, antennae 3
a: Dig, Shaft Self, Renounce Religion


You were on level 3 of the Dungeon.
You worshipped Dithmenos.
Dithmenos was noncommittal.
You visited 1 branch of the dungeon, and saw 3 of its levels.

You collected 119 gold pieces.

Inventory:

Hand Weapons
 a - a +1 war axe (weapon)
Armour
 b - a +0 scale mail (worn)
 c - a +0 kite shield (worn)
Scrolls
 e - 3 scrolls of identify {unknown}
 f - a scroll of magic mapping {unknown}
 g - 4 scrolls of remove curse {unknown}
 h - 3 scrolls of enchant armour {unknown}
 i - 2 scrolls of fear {unknown}
 n - a scroll of amnesia {unknown}
Potions
 d - 2 potions of might
 j - a potion of magic {unknown}
 k - a potion of ambrosia {unknown}
 l - a potion of mutation {unknown}
 m - a potion of invisibility {unknown}


   Skills:
 + Level 4.1 Fighting
 + Level 2.9 Axes
 + Level 4.1 Armour
 + Level 4.5 Shields


You had 4 spell levels left.
You didn't know any spells.
Your spell library was empty.

Dungeon Overview and Level Annotations

Branches:
Dungeon (3/15)

Altars:
Dithmenos
Xom


Innate Abilities, Weirdness & Mutations

You cannot be hasted, slowed, berserked, paralysed or teleported.
You can dig through walls and to a lower floor.
Your four strong arms can wield two-handed weapons with a shield.
You have a pair of large antennae on your head. (SInv)


Message History

You hit the orc priest. x2
The orc priest calls upon Beogh to heal the orc priest.
The orc priest's wounds heal themselves!
The orc priest hits you but does no damage.
You block the orc priest's attack.
You barely miss the orc priest. You hit the orc. You hit the orc priest.
The orc hits you with a +0 club. You block the orc priest's attack. x2
The orc hits you but does no damage.
Unknown command.
You hit the orc priest.
The orc priest is moderately wounded.
You hit the orc but do no damage. You closely miss the orc priest.
The orc priest closely misses you.
The orc priest mumbles some strange prayers to Beogh against you.
Pain shoots through your body!
* * * LOW HITPOINT WARNING * * *
The orc hits you but does no damage. The orc priest closely misses you.
The orc priest calls down the wrath of Beogh upon you.
Pain shoots through your body!
You die...

.).... ......
...... ......#
{..... ...
#(#########
#o@<.......
#.....#oo.......
##.##...........
###.........
#[...$....
#.........
#.........
#.........


You could see 2 orc priests and an orc.

Vanquished Creatures
  A gnoll (D:2)
  3 adders (D:2)
  2 worms (D:2)
  2 dart slugs (D:1)
  A leopard gecko (D:1)
  2 orcs (D:3)
  A ball python (D:2)
  6 giant cockroaches
  5 hobgoblins
  4 jackals (D:2)
  8 kobolds
  6 bats
  2 frilled lizards
  3 goblins
  7 rats
53 creatures vanquished.

Notes
Turn   | Place    | Note
-------+----------+-------------------------------------------
     0 | D:1      | Arum the Formicid Fighter began the quest for the Orb.
     0 | D:1      | Reached XP level 1. HP: 18/18 MP: 1/1
   126 | D:1      | Reached XP level 2. HP: 18/24 MP: 2/2
   573 | D:1      | Reached XP level 3. HP: 29/29 MP: 3/3
  1088 | D:2      | Reached XP level 4. HP: 32/37 MP: 4/4
  1432 | D:2      | Found a shimmering altar of Xom.
  1434 | D:2      | Found a shadowy altar of Dithmenos.
  1453 | D:2      | Became a worshipper of Dithmenos the Shadowed
  1824 | D:2      | Reached XP level 5. HP: 42/42 MP: 5/5
  1850 | D:3      | Killed from afar by an orc priest

Illustrated notes

Levels and vault maps discovered:
D:1:      wander_arrival_desolate, layout_basic, st_stairs_10
D:2:      minmay_diamond_boxcup, layout_basic,
          chequers_temple_overflow_statue_of_worship, st_stairs_4,
          minmay_misc_feat_diagonals
D:3:      layout_rooms

Skill      XL: |  1  2  3  4 |
---------------+-------------+-----
Shields        | 4 |  4.5
Armour         | 4 |  4.1
Fighting       | 4 |  4.1
Axes           | |  2.9

Action                   |  1- 3 |  4- 6 || total
-------------------------+-------+-------++-------
Melee: Whip              |    19 |       ||    19
       War axe           |    74 |    66 ||   140
 Abil: Dig               |     1 |       ||     1
  Use: Scroll            |       |     1 ||     1
Armor: Scale mail        |    46 |    27 ||    73
Dodge: Dodged            |    34 |    24 ||    58
Block: Kite shield       |    47 |    36 ||    83
